 Dungeon Crawl Stone Soup version 0.31-a0-851-g7ff8af7976 (webtiles) character file.

Game seed: 14501016099075016897

11173 pokeman the Eclecticist (level 11, -2/61 HPs)
             Began as a Deep Elf Hedge Wizard on Oct 7, 2023.
             Was an Elder of Vehumet.
             Killed from afar by an ice statue (20 damage)
             ... with a shard of ice
             ... in an ice cave.
             The game lasted 00:33:52 (11721 turns).

pokeman the Eclecticist (Deep Elf Hedge Wizard)    Turns: 11721, Time: 00:33:52

Health: -2/61      AC:  5    Str:  7    XL:     11   Next: 45%
Magic:  32/32      EV: 13    Int: 24    God:    Vehumet [****..]
Gold:   461        SH:  0    Dex: 14    Spells: 19/40 levels left

rFire   . . .        H - +6 triple sword of Eternal Night {venom, Will+}
rCold   . . .        (shield currently unavailable)
rNeg    + . .        E - +2 robe "Oduing" {Rampage rPois}
rPois   +            c - +0 hat
rElec   .            (no cloak)
rCorr   .            s - +0 pair of gloves
SInv    +            (no boots)
Will    ++...        a - amulet of magic regeneration
Stlth   ++           q - ring of see invisible
HPRegen 0.30/turn    C - ring of positive energy
MPRegen 0.63/turn

%: rampage
@: no status effects
A: no striking features
a: Renounce Religion


You were in an ice cave.
You worshipped Vehumet.
Vehumet was greatly pleased with you.
You visited 2 branches of the dungeon, and saw 12 of its levels.
You also visited: Bailey and Ice Cave.

You collected 551 gold pieces.
You spent 90 gold pieces at shops.

Inventory:

Hand Weapons
 F - a +1 dagger of venom
 H - the +6 triple sword of Eternal Night (weapon) {venom, Will+}
   (You found it in a bailey)

   Will+:     It increases your willpower.
Missiles
 D - 2 curare-tipped darts
 J - a throwing net
Armour
 c - a +0 hat (worn)
 g - a +2 scale mail of cold resistance
 s - a +0 pair of gloves (worn)
 E - the +2 robe "Oduing" (worn) {Rampage rPois}
   (You found it on level 7 of the Dungeon)

   rPois:     It protects you from poison Rampage: It bestows one free step when
   moving towards enemies.
Magical Staves
 o - a staff of fire
Jewellery
 a - an amulet of magic regeneration (around neck)
 q - a ring of see invisible (left hand)
 C - a ring of positive energy (right hand)
 I - a ring of protection from fire
Wands
 r - a wand of flame (14)
 A - a wand of roots (3)
Scrolls
 f - 5 scrolls of teleportation
 i - 3 scrolls of fog
 k - 2 scrolls of amnesia
 m - 3 scrolls of blinking
 n - a scroll of enchant armour
 t - a scroll of revelation
 u - 3 scrolls of fear {unknown}
 x - 3 scrolls of noise {unknown}
 y - 2 scrolls of poison {unknown}
 z - a scroll of immolation {unknown}
 G - 3 scrolls of enchant weapon
Potions
 b - a potion of mutation
 d - a potion of magic
 e - 2 potions of heal wounds
 h - a potion of lignification {unknown}
 j - 3 potions of might
 l - 6 potions of curing {unknown}
 p - 2 potions of degeneration {unknown}
 v - 2 potions of haste {unknown}
 w - a potion of enlightenment {unknown}
 B - a potion of cancellation {unknown}
 K - a potion of attraction {unknown}


   Skills:
 + Level 4.0 Fighting
 - Level 5.0 Armour
 - Level 3.0 Dodging
 - Level 3.0 Stealth
 * Level 15.3 Spellcasting
 + Level 9.0 Conjurations
 - Level 1.1 Summonings
 - Level 1.1 Translocations
 + Level 8.6 Fire Magic
 - Level 1.0 Air Magic
 - Level 1.1 Poison Magic
 - Level 1.2 Evocations


You had 19 spell levels left.
You knew the following spells:

 Your Spells              Type           Power      Damage    Failure   Level
a - Magic Dart            Conj           100%       1d8       1%          1
b - Mephitic Cloud        Conj/Pois/Air  36%        N/A       1%          3
c - Call Imp              Summ           46%        N/A       3%          2
d - Blink                 Tloc           46%        N/A       3%          2
e - Foxfire               Conj/Fire      100%       2x1d9     1%          1
f - Volatile Blastmotes   Fire/Tloc      82%        2d16      1%          3
g - Arcjolt               Conj/Air       21%        1d31      3%          5
h - Flame Wave            Conj/Fire      57%        2d14      1%          4

Your spell library contained the following spells:

 Spells                   Type           Power      Damage    Failure   Level
 Freeze                   Ice            72%        1d8       1%          1
 Hailstorm                Conj/Ice       40%        3d10      1%          3
 Inner Flame              Hex/Fire       39%        N/A       1%          3
 Fulminant Prism          Conj/Hex       20%        3d12      1%          4
 Iskenderun's Mystic Bla  Conj/Tloc      42%        2d10      1%          4
 Frozen Ramparts          Ice            36%        1d6       2%          3
 Slow                     Hex            72%        N/A       3%          1
 Cigotuvi's Dreadful Rot  Necr/Pois/Air  42%        N/A       3%          2
 Olgreb's Toxic Radiance  Pois           23%        N/A       5%          4
 Confusing Touch          Hex            18%        N/A       9%          3
 Sigil of Binding         Hex            18%        N/A       9%          3
 Vampiric Draining        Necr           18%        2d7       9%          3
 Vhi's Electric Charge    Tloc/Air       46%        N/A       21%         4
 Yara's Violent Unravell  Hex/Tmut       9%         3d6       21%         5
 Anguish                  Hex/Necr       9%         N/A       30%         4
 Cause Fear               Hex            9%         N/A       30%         4
 Ignition                 Fire           28%        3d9       78%         8
 Enfeeble                 Hex            9%         N/A       100%        7
 Discord                  Hex            9%         N/A       100%        8
 Maxwell's Capacitive Co  Air            11%        ∞         100%        8


Dungeon Overview and Level Annotations

Branches:
Dungeon (11/15)            Temple (1/1) D:5            Lair (0/5) D:11
    Orc (0/2) D:11         Bailey (visited)           IceCv (1/1)

Altars:
Ashenzari
Cheibriados
Dithmenos
Elyvilon
Fedhas
Gozag
Hepliaklqana
Kikubaaqudgha
Makhleb
Nemelex Xobeh
Okawaru
Qazlal
Ru
Sif Muna
Trog
Uskayaw
Vehumet
Wu Jian
Xom
Yredelemnul
Zin
The Shining One

Shops:
D:1 *   D:6 !

Annotations:
D:3 1 runed translucent door, HilariousDeathArtist's ghost, amateur AtWr
D:8 2 transporters, MrSquiggles's ghost, novice KoFi IceCv exclusion: 3 ice statues


Message History

Unknown command.
A wave of flame ripples out!
The flame wave engulfs the ice beast!!
The ice beast melts!
You kill the ice beast!
The ice beast disappears in a puff of smoke!
The flame wave engulfs the ice beast!!
The ice beast melts!
The ice beast is almost dead.
The ice beast hits you. The ice beast freezes you!
* * * LOW HITPOINT WARNING * * *
A wave of flame ripples out!
The flame wave engulfs the ice beast!!
The ice beast melts!
You kill the ice beast!
The ice beast disappears in a puff of smoke!
Unknown command.
You start resting.
Magic restored.
You start resting.
HP restored.
Unknown command.
Press: ? - help, v - describe, . - travel An ice covered rock wall.
Unknown command.
Unknown command.
Okay, then.
Unknown command.
Unknown command.
Okay, then.
Unknown command.
Unknown command.
Unknown command.
You rampage towards the ice statue!
You hit the ice statue.
The ice statue is lightly damaged.
The ice statue gestures at you. The bolt of cold hits you!
The ice statue gestures at you. The bolt of cold hits you!!
* * * LOW HITPOINT WARNING * * *
The ice statue gestures at you. The shard of ice hits you!!
You die...

##...##
##.....##
#.......#
#.......#
#)......#
#.......#
#......)#
####.####
#8@....8#
#.......#
#.......#
#.......#
#.......#
##.....##
##...##
##8##


You could see 3 ice statues.

Vanquished Creatures
  2 two-headed ogres
  A deep elf zephyrmancer (D:8)
  An ugly thing (IceCv)
  2 kobold demonologists (D:10)
  A hornet (D:9)
  A shadow (D:10)
  A wraith (D:9)
  A wyvern (D:9)
  2 steam dragons
  A harpy simulacrum (IceCv)
  3 death yak simulacra (IceCv)
  A water moccasin (D:6)
  A hydra simulacrum (IceCv)
  An acid dragon (D:9)
  18 orc warriors
  A sky beast (D:7)
  2 black bears
  3 ice beasts
  2 ogres
  9 centaurs (Bailey)
  3 phantoms
  3 kobold brigands
  Blork the orc (D:6)
  3 scorpions
  3 bullfrogs (D:7)
  A gnoll sergeant (D:9)
  A cane toad simulacrum (IceCv)
  21 wights
  8 killer bees
  An elephant simulacrum (IceCv)
  4 howler monkeys
  6 hounds
  A jelly (D:6)
  6 orc priests
  2 sleepcaps
  2 iguanas (D:5)
  10 orc wizards
  A wolf simulacrum (IceCv)
  4 gnolls
  11 adders
  3 shadow imps
  14 white imps
  2 ufetubi
  4 worms
  4 dart slugs
  66 orcs
  5 endoplasms
  A giant cockroach (D:4)
  8 goblins
  5 hobgoblins
  3 jackals (D:4)
  12 kobolds
  3 quokkas
  8 ball pythons
  3 bats (D:2)
  A frilled lizard (D:1)
  5 rats
  A foxfire (IceCv)
294 creatures vanquished.

Vanquished Creatures (collateral kills)
  A goblin (D:2)
1 creature vanquished.

Vanquished Creatures (others)
  910 foxfires
910 creatures vanquished.

Grand Total: 1205 creatures vanquished

Notes
Turn   | Place    | Note
-------+----------+-------------------------------------------
     0 | D:1      | pokeman the Deep Elf Hedge Wizard began the quest for the
                  | Orb.
     0 | D:1      | Reached XP level 1. HP: 10/10 MP: 7/7
   346 | D:1      | Found Ypish's Assorted Antiques.
   365 | D:1      | Reached XP level 2. HP: 13/16 MP: 6/9
  1027 | D:2      | Reached skill level 5 in Spellcasting
  1087 | D:2      | Reached XP level 3. HP: 20/20 MP: 5/11
  1101 | D:1      | Learned a level 3 spell: Mephitic Cloud
  1104 | D:1      | Learned a level 2 spell: Call Imp
  1107 | D:1      | Learned a level 2 spell: Blink
  1445 | D:2      | Reached skill level 1 in Fighting
  1445 | D:2      | Reached skill level 1 in Armour
  1623 | D:2      | Reached XP level 4. HP: 25/25 MP: 11/13
  2225 | D:3      | Found a broken altar of Ashenzari.
  2263 | D:3      | Found a runed translucent door.
  2265 | D:3      | Noticed HilariousDeathArtist's ghost (amateur AtWr)
  2534 | D:4      | Reached skill level 6 in Spellcasting
  2587 | D:4      | Reached XP level 5. HP: 29/29 MP: 12/15
  3110 | D:4      | Noticed a phantom
  3138 | D:4      | HP: 1/29 [phantom (4)]
  3139 | D:4      | Killed a phantom
  3140 | D:4      | Reached skill level 1 in Fire Magic
  3140 | D:4      | Reached skill level 1 in Air Magic
  3140 | D:4      | Reached skill level 1 in Poison Magic
  3140 | D:4      | Reached skill level 1 in Evocations
  3140 | D:4      | Reached XP level 6. HP: 2/34 MP: 10/17
  3577 | D:5      | Entered Level 5 of the Dungeon
  3599 | D:5      | Reached skill level 7 in Spellcasting
  3658 | D:5      | Reached XP level 7. HP: 5/39 MP: 17/20
  3981 | D:1      | Bought a scroll labelled DOIRPH BUCAPRE for 24 gold pieces
  3981 | D:1      | Bought a sapphire potion for 21 gold pieces
  3981 | D:1      | Bought a scroll labelled TABBED WUAMEM for 24 gold pieces
  3981 | D:1      | Bought an emerald potion for 21 gold pieces
  4205 | D:5      | Reached skill level 8 in Spellcasting
  4419 | D:5      | Found a staircase to the Ecumenical Temple.
  4436 | Temple   | Entered the Ecumenical Temple
  4450 | Temple   | Became a worshipper of Vehumet
  4850 | D:6      | Reached XP level 8. HP: 25/44 MP: 15/22
  4866 | D:6      | Reached skill level 9 in Spellcasting
  5030 | D:6      | Found Kotuit Exze's Distillery.
  5450 | D:6      | Reached skill level 5 in Conjurations
  5686 | D:6      | Noticed Blork the orc
  5694 | D:6      | Killed Blork the orc
  5791 | D:6      | Learned a level 3 spell: Volatile Blastmotes
  5909 | D:7      | Reached skill level 10 in Spellcasting
  6165 | D:7      | Reached * piety under Vehumet
  6165 | D:7      | Offered knowledge of Foxfire by Vehumet.
  6174 | D:7      | Learned a level 1 spell: Foxfire
  6454 | D:7      | Found a blossoming altar of Fedhas.
  6503 | D:7      | Reached XP level 9. HP: 48/48 MP: 21/25
  6575 | D:7      | Reached skill level 5 in Fire Magic
  6596 | D:7      | Reached skill level 11 in Spellcasting
  6641 | D:7      | Identified the +2 robe "Oduing" {Rampage rPois}
  7312 | D:8      | Offered knowledge of Momentum Strike by Vehumet.
  7319 | D:8      | Found a transporter.
  7320 | D:8      | Noticed MrSquiggles's ghost (novice KoFi)
  7359 | D:8      | Found a transporter.
  7543 | D:8      | Reached ** piety under Vehumet
  7556 | D:8      | Reached skill level 12 in Spellcasting
  7636 | D:8      | Identified the +3 chain mail of Supple Strength {+Blink
                  | rF+}
  7945 | D:8      | Noticed a deep elf zephyrmancer
  7967 | D:8      | Reached XP level 10. HP: 29/53 MP: 26/28
  7968 | D:8      | Killed a deep elf zephyrmancer
  8255 | D:9      | Found a flagged portal.
  8269 | Bailey   | Entered a bailey
  8385 | Bailey   | Offered knowledge of Poisonous Vapours by Vehumet.
  8386 | Bailey   | Reached skill level 13 in Spellcasting
  8653 | Bailey   | Reached *** piety under Vehumet
  8985 | Bailey   | HP: 2/56 [centaur/+0 halberd (2)]
  9406 | Bailey   | Identified the +6 triple sword of Eternal Night {venom,
                  | Will+}
  9607 | D:9      | Reached skill level 14 in Spellcasting
  9700 | D:9      | Offered knowledge of Sticky Flame by Vehumet.
  9706 | D:9      | Found an opulent altar of Gozag.
  9709 | D:9      | Found an ornate altar of the Wu Jian Council.
  9718 | D:9      | Found an ancient bone altar of Kikubaaqudgha.
  9721 | D:9      | Found a snail-covered altar of Cheibriados.
  9723 | D:9      | Found a hazy altar of Hepliaklqana.
  9728 | D:9      | Found a stormy altar of Qazlal.
  9999 | D:9      | Noticed a two-headed ogre
 10017 | D:9      | Killed a two-headed ogre
 10018 | D:9      | Reached XP level 11. HP: 14/61 MP: 18/31
 10684 | D:10     | Entered Level 10 of the Dungeon
 10736 | D:10     | Noticed a two-headed ogre
 11174 | D:10     | Reached **** piety under Vehumet
 11188 | D:10     | Killed a two-headed ogre
 11189 | D:10     | Reached skill level 15 in Spellcasting
 11208 | D:10     | You fall into a shaft and drop 1 floor!
 11361 | D:11     | Found a frozen archway.
 11370 | IceCv    | Entered an ice cave
 11390 | IceCv    | Learned a level 5 spell: Arcjolt
 11395 | IceCv    | Offered knowledge of Flame Wave by Vehumet.
 11426 | IceCv    | Noticed a white ugly thing
 11478 | IceCv    | Killed a white ugly thing
 11479 | IceCv    | Reached skill level 5 in Armour
 11557 | IceCv    | Learned a level 4 spell: Flame Wave
 11721 | IceCv    | Killed from afar by an ice statue

Illustrated notes

Levels and vault maps discovered:
D:1:      saegor_arrival_miasma, layout_loops_ring, serial_shops,
          nicolae_shop_overgrown_old_shop
D:2:      layout_rooms, kennysheep_boxes
D:3:      layout_basic, lemuel_doored_altar, ebering_ghost_reflecting_pool
D:4:      layout_basic, minmay_tree_intersection, grunt_ministairs_8
D:5:      layout_basic, minmay_temple_entry_offerings,
          kennysheep_generic_room_16
D:6:      layout_cave_pools, serial_shops, shop_fountains, patterned_corridor,
          uniq_blork_the_orc
D:7:      layout_loops_corners, marbit_many_paths, grunt_ministairs_15,
          grunt_decor_resistance, minmay_bent
D:8:      layout_basic, gammafunk_ghost_berserking_beasts,
          guppyfry_early_elven_hall
D:9:      layout_roguey, nicolae_overflow_hallway_of_the_gods, enter_bailey_2,
          lemuel_flamethrower_hall
D:10:     minmay_the_grid_4x2 [minmay_the_grid_medium_cups,
          minmay_the_grid_small_cups, minmay_the_grid_broken_lines,
          minmay_the_grid_dragon_b, minmay_the_grid_gridbox,
          minmay_the_grid_outer_circle, minmay_the_grid_tiny_cups,
          minmay_the_grid_prize_diamond_cup], layout_grid_maze, serial_shops,
          nicolae_square_shop, serial_glass, glass_columns_a, glass_columns_a,
          glass_columns_a, glass_columns_c, glass_columns_a, glass_columns_c,
          dreamdust_gnoll_shepherd
D:11:     layout_rooms, dpeg_oklobed_lair, orc_0_dummy, serial_bayou,
          serial_bayou_ford_a, serial_bayou_pond_b, serial_bayou_crossing,
          serial_bayou_pond_c, portal_ice_cave_entry_imps,
          nicolae_hepliaklqana_hazy_memory
Temple:   nicolae_temple_bog_church
IceCv:    ice_cave_statue_garden_chambered

Skill      XL: |  1  2  3  4  5  6  7  8  9 10 11 |
---------------+----------------------------------+-----
Spellcasting   | 5 6 7 8 10 12 14 15 | 15.3
Fighting       | 1 2 3 4 |  4.0
Armour         | 1 3 4 5 |  5.0
Conjurations   | 2 3 4 5 6 8 9 |  9.0
Dodging        | 3 |  3.0
Stealth        | 3 |  3.0
Fire Magic     | 1 2 3 4 6 7 8 |  8.6
Air Magic      | 1 |  1.0
Poison Magic   | 1 |  1.1
Evocations     | 1 |  1.2
Summonings     | |  1.1
Translocations | |  1.1

Action                     |  1- 3 |  4- 6 |  7- 9 | 10-12 || total
---------------------------+-------+-------+-------+-------++-------
  Melee: Dagger            |    29 |    20 |     8 |    14 ||    71
         Trident           |       |    26 |    51 |       ||    77
         Punch             |       |       |     2 |     2 ||     4
         Triple sword      |       |       |       |    18 ||    18
   Cast: Magic Dart        |   100 |   174 |   156 |     2 ||   432
         Mephitic Cloud    |     3 |     5 |    22 |    28 ||    58
         Call Imp          |     1 |     4 |     2 |     1 ||     8
         Blink             |     1 |     2 |     3 |     3 ||     9
         Foxfire           |       |       |   166 |   347 ||   513
         Volatile Blastmot |       |       |     5 |    20 ||    25
         Arcjolt           |       |       |       |     2 ||     2
         Flame Wave        |       |       |       |     1 ||     1
  Evoke: Wand              |       |       |       |     6 ||     6
    Use: Scroll            |       |       |       |    10 ||    10
   Stab: Confused          |       |     1 |    10 |     4 ||    15
         Distracted        |       |     1 |       |       ||     1
 Armour: Robe              |    41 |    42 |    67 |    81 ||   231
  Dodge: Dodged            |    36 |    42 |    70 |    72 ||   220

Table legend: (Time is in decaauts)
 A = Elapsed time spent in this place.
 B = Non-inter-level travel time spent in this place.
 C = Inter-level travel time spent in this place.
 D = Time resting spent in this place.
 E = Time spent auto-exploring this place.
 F = Levels seen in this place.
 G = Mean time per level.
                   A        B        C        D        E       F      G
               +--------+--------+--------+--------+--------+-----+--------+
         Total |  11769 |  11303 |    466 |    812 |   7984 |  14 |  840.6 |
       Dungeon |  10095 |   9655 |    440 |    488 |   7349 |  11 |  917.7 |
        Temple |     28 |      2 |     26 |      0 |      0 |   1 |   28.0 |
        Bailey |   1291 |   1291 |      0 |    169 |    587 |   1 | 1291.0 |
      Ice Cave |    354 |    354 |      0 |    155 |     48 |   1 |  354.0 |
               +--------+--------+--------+--------+--------+-----+--------+

Top non-repeatable levels by time:
     D:9: 1543 daAuts
  Bailey: 1291 daAuts
     D:7: 1225 daAuts
     D:4: 1200 daAuts
     D:1: 1131 daAuts
     D:8: 1124 daAuts
     D:5: 996 daAuts
     D:6: 988 daAuts
     D:2: 736 daAuts
     D:3: 729 daAuts
   IceCv: 354 daAuts
    D:10: 257 daAuts
    D:11: 161 daAuts
  Temple: 28 daAuts
